 Dungeon Crawl Stone Soup version 0.28.0-53-g5a82cb258f (webtiles) character file.

Game seed: 4852007530458036252

16 Sin92 the Magician (level 2, -4/20 HPs)
             Began as a Demonspawn Hedge Wizard on July 14, 2022.
             Slain by Terence
             ... wielding a +0 flail
              (8 damage)
             ... on level 2 of the Dungeon.
             The game lasted 00:01:11 (1028 turns).

Sin92 the Magician (Demonspawn Hedge Wizard)        Turns: 1028, Time: 00:01:11

Health: -4/20      AC:  4    Str: 10    XL:     2   Next: 41%
Magic:  5/6        EV: 12    Int: 15    God:
Gold:   33         SH:  0    Dex: 14    Spells: 6/7 levels left

rFire   . . .      SeeInvis .   a - +0 dagger
rCold   . . .      Faith    .   (no shield)
rNeg    . . .      Spirit   .   b - +0 robe
rPois   .          Reflect  .   f - +1 helmet
rElec   .          Harm     .   (no cloak)
rCorr   .          Rampage  .   (no gloves)
Will    .....                   (no boots)
Stlth   +++.......              (no amulet)
HPRegen 0.06/turn               (no ring)
MPRegen 0.10/turn               (no ring)

@: no status effects
A: thin skeletal structure 1
a: no special abilities


You were on level 2 of the Dungeon.
You visited 1 branch of the dungeon, and saw 2 of its levels.

You collected 33 gold pieces.

Inventory:

Hand Weapons
 a - a +0 dagger (weapon)
Armour
 b - a +0 robe (worn)
 c - a +0 hat
 f - a +1 helmet (worn)
Scrolls
 d - 2 scrolls of identify
Potions
 e - a potion of flight {unknown}


   Skills:
 + Level 0.4 Fighting
 * Level 1.0 Short Blades
 + Level 1.9 Dodging
 + Level 2.0 Stealth
 + Level 3.0 Spellcasting
 + Level 1.1 Conjurations
 - Level 1.0 Summonings
 + Level 1.0 Translocations


You had 6 spell levels left.
You knew the following spells:

 Your Spells              Type           Power      Damage    Failure   Level
a - Magic Dart            Conj           20%        1d4       12%         1

Your spell library contained the following spells:

 Spells                   Type           Power      Damage    Failure   Level
 Slow                     Hex            8%         N/A       21%         1
 Blink                    Tloc           10%        N/A       21%         2
 Call Imp                 Summ           5%         N/A       21%         2
 Conjure Flame            Conj/Fire      4%         6-21      43%         3
 Mephitic Cloud           Conj/Pois/Air  3%         N/A       45%         3


Dungeon Overview and Level Annotations

Branches:
Dungeon (2/15)

Altars:

Shops:
D:1 (!(?

Annotations:
D:2 Terence


Innate Abilities, Weirdness & Mutations

You have a somewhat thin skeletal structure. (Dex +2, Stealth+)


Message History

Terence is nearby!
You hit Terence.
Terence is moderately wounded.
Terence barely misses you.
Terence is nearby!
Terence is nearby!
You barely miss Terence.
Terence is moderately wounded.
Terence barely misses you.
Terence is nearby!
You hit Terence but do no damage.
Terence is moderately wounded.
Terence barely misses you.
Terence is nearby!
You barely miss Terence.
Terence is moderately wounded.
An adder comes into view.
Terence closely misses you.
There are monsters nearby!
The adder hisses angrily.
You hit Terence but do no damage.
Terence is moderately wounded.
Terence misses you.
Unknown command.
There are monsters nearby!
You hit Terence.
Terence is moderately wounded.
Terence hits you with a +0 flail!
* * * LOW HITPOINT WARNING * * *
Unknown command.
You are too injured to fight recklessly!
Unknown command.
You are too injured to fight recklessly!
Aiming: Magic Dart (safe; 12% risk of failure)
Press: ? - help, Q - select action Shift-Dir - straight line, f - Terence
Aim: Terence, wielding a +0 flail and wearing a +0 scale mail (moderately wounded, 100% to hit)
The magic dart hits Terence but does no damage.
Terence is moderately wounded.
Terence hits you with a +0 flail!
You die...

... .. .# .. ...
#. #.# #.S #.#
#.# #.# #
###.@##.####.#.
.#....@.........
#........$.....#
###+##.##.######
..........#
.....##.#.#
...... #.#.#
...... #.#.#
.....# #.#.# .
#.#<#


You could see Terence and an adder.

Vanquished Creatures
  2 ball pythons (D:1)
  A bat (D:1)
  3 endoplasms (D:1)
  A giant cockroach (D:1)
  A goblin (D:1)
  2 jackals (D:1)
  A quokka (D:1)
  A kobold (D:1)
  2 rats (D:1)
14 creatures vanquished.

Notes
Turn   | Place    | Note
-------+----------+-------------------------------------------
     0 | D:1      | Sin92 the Demonspawn Hedge Wizard began the quest for the
                  | Orb.
     0 | D:1      | Reached XP level 1. HP: 13/13 MP: 4/4
    98 | D:1      | Found Ifrytaeq's Magic Scroll Shoppe.
   112 | D:1      | Reached skill level 1 in Translocations
   181 | D:1      | Found Omism's Antique Weapon Shoppe.
   235 | D:1      | Gained mutation: You have a somewhat thin skeletal
                  | structure. (Dex +2, Stealth+) [demonic ancestry]
   235 | D:1      | Reached XP level 2. HP: 11/20 MP: 1/6
   249 | D:1      | Found Mopraun's Distillery.
   476 | D:1      | Found Tewy's Weapon Shop.
   504 | D:1      | Reached skill level 1 in Short Blades
  1014 | D:2      | Noticed Terence
  1028 | D:2      | Slain by Terence

Illustrated notes

Levels and vault maps discovered:
D:1:      lemuel_arrival_lava_pool, layout_loops_ring, serial_shops,
          nicolae_diamond_shop, nicolae_shop_bloodbath_and_beyond, shop, shop
D:2:      layout_basic, serial_shops, shop, nicolae_shop_crystal, shop,
          minmay_circle_x, uniq_natasha, uniq_terence

Skill      XL: |  1  2 |
---------------+-------+-----
Translocations | 1 |  1.0
Short Blades   | 1 |  1.0
Stealth        | 2 |  2.0
Fighting       | |  0.4
Dodging        | |  1.9
Spellcasting   | |  3.0
Conjurations   | |  1.1
Summonings     | |  1.0

Action                   || total
-------------------------++-------
Melee: Dagger            ||    35
 Cast: Magic Dart        ||     9
  Use: Scroll            ||     1
 Stab: Sleeping          ||     6
Armor: Robe              ||     5
Dodge: Dodged            ||    15
